 Dungeon Crawl Stone Soup version 0.25-a0-734-g73332aeda9 (webtiles) character file.

Game seed: 15457033091186853830, levelgen mode: deterministic

763 Maedhros the Covert (level 7, -2/38 HPs)
             Began as an Octopode Artificer on Apr 10, 2020.
             Slain by Pikel
             ... wielding a +1 whip of flaming
              (7 damage)
             ... on level 4 of the Dungeon.
             The game lasted 00:04:00 (3620 turns).

Maedhros the Covert (Octopode Artificer)            Turns: 3620, Time: 00:04:01

Health: -2/38      AC:  1    Str: 10 (12) XL:     7   Next: 81%
Magic:  21/21      EV: 13    Int: 11 (13) God:
Gold:   64         SH:  0    Dex: 11 (14) Spells: 6/6 levels left

rFire    . . .     SeeInvis .   (no weapon)
rCold    . . .     Gourm    .   (no shield)
rNeg     . . .     Faith    .   (helmet restricted)
rPois    .         Spirit   .   (no amulet)
rElec    .         Reflect  .   n - ring of magical power
rCorr    .         Harm     .   (no ring)
MR       .....     Clarity  +   (no ring)
Stlth    +++++.....             (no ring)
HPRegen  0.12/turn              (no ring)
MPRegen  0.17/turn              (no ring)
                                (no ring)
                                (no ring)

@: no status effects
A: almost no armour, stealthy swim, amphibious, 8 rings, constrict 8, camouflage
1, clarity, frail 1, mutation resistance 1, sense surroundings 1, gelatinous
body 1
a: no special abilities


You were on level 4 of the Dungeon.
You were near starving.

You visited 1 branch of the dungeon, and saw 4 of its levels.

You collected 64 gold pieces.

Inventory:

Hand Weapons
 a - a +0 short sword
Jewellery
 n - a ring of magical power (left tentacle)
Wands
 c - a wand of enslavement (14)
 d - a wand of random effects (13)
Scrolls
 e - a scroll of enchant weapon {unknown}
 i - 3 scrolls of amnesia {unknown}
 k - a scroll of fear {unknown}
 m - a scroll of identify {unknown}
 p - 3 scrolls of teleportation {unknown}
 q - a scroll of noise {unknown}
 r - a scroll of immolation {unknown}
Potions
 l - a potion of brilliance
Comestibles
 f - 8 rations


   Skills:
 - Level 1.0 Fighting
 - Level 1.0 Short Blades
 - Level 2.0 Dodging
 + Level 8.5 Stealth
 + Level 7.3 Evocations


You had 6 spell levels left.
You didn't know any spells.
Your spell library was empty.

Dungeon Overview and Level Annotations

Branches:
Dungeon (4/15)
 Temple: D:4-7

Altars:
Dithmenos
Hepliaklqana

Annotations:
D:4 Pikel


Innate Abilities, Weirdness & Mutations

You cannot wear most types of armour.
You are very stealthy in the water. (Stealth+)
You are amphibious.
You can wear up to eight rings at the same time.
You can use your tentacles to constrict eight enemies at once.
Your skin changes colour to match your surroundings (Stealth+).
Your rubbery body absorbs attacks. (AC +1, EV +1)
You possess an exceptional clarity of mind.
You are frail. (-10% HP)
You are somewhat resistant to further mutation.
You passively map a small area around you.


Message History

Unknown command.
Okay, then.
You tentacle-slap Pikel but do no damage.
You squeeze Pikel, but do no damage.
Pikel is heavily wounded.
You constrict Pikel.
Pikel hits you with a +1 whip of flaming.
* * * LOW HITPOINT WARNING * * *
Pikel burns you.
* * * LOW HITPOINT WARNING * * *
Evoke which item? (* to show all) (? for menu, Esc to quit)
Aiming: Throw Flame
Press: ? - help, Shift-Dir - straight line, f - Pikel
Aim: Pikel, wielding a +1 whip of flaming and wearing a +0 robe (heavily wounded, constricted by you)
The puff of flame hits Pikel.
Pikel is severely wounded.
The now-empty wand crumbles to dust.
You constrict Pikel.
Pikel says, "You will build my throne, and die beneath it!"
Pikel hits you with a +1 whip of flaming!
You die...

######........#......#.#.##..#...
######........#......#.#.###.#...
..............#......#.#.# #.#...
.......#####'##......#.#.# #.....
.......# #.#########.#.# ##..#+
.......#####'#.........#.####..#
.......#.......................#
.......#......##########.#####.#
.......#.....ppK@........# #.#
.......#......############ #..
.......#......# ##.
.......#.....K####### .
...[...#.....p......#
.#######............# .#
#............# ,, , .#
#.......)....#
'#######........)...# ,


You could see Pikel and 2 slaves.

Vanquished Creatures
  Grinder (D:3)
  Menkaure (D:4)
  2 slaves (D:4)
  An ogre (D:4)
  Blork the orc (D:4)
  An orc priest (D:3)
  An orc wizard (D:4)
  A centaur skeleton (D:4)
  2 worker ants (D:4)
  3 gnolls
  9 adders
  2 leopard geckos
  9 orcs
  A ball python (D:2)
  4 bats (D:3)
  2 giant cockroaches
  4 goblins
  2 hobgoblins
  4 jackals (D:1)
  4 kobolds
  2 quokkas
  A quokka skeleton (D:4)
  5 rats
63 creatures vanquished.

Vanquished Creatures (collateral kills)
  A gnoll (D:2)
1 creature vanquished.

Vanquished Creatures (others)
  A gnoll (D:2)
1 creature vanquished.

Grand Total: 65 creatures vanquished

Notes
Turn   | Place    | Note
-------+----------+-------------------------------------------
     0 | D:1      | Maedhros the Octopode Artificer began the quest for the
                  | Orb.
     0 | D:1      | Reached XP level 1. HP: 13/13 MP: 3/3
   163 | D:1      | Reached skill level 2 in Stealth
   166 | D:1      | Reached XP level 2. HP: 6/18 MP: 4/4
   509 | D:2      | Reached skill level 3 in Stealth
   509 | D:2      | Reached XP level 3. HP: 6/23 MP: 5/5
  1216 | D:3      | Noticed Grinder
  1235 | D:3      | Reached skill level 4 in Stealth
  1235 | D:3      | Reached XP level 4. HP: 28/28 MP: 7/7
  1414 | D:3      | Found a shadowy altar of Dithmenos.
  1917 | D:3      | Paralysed by Grinder for 2 turns
  1920 | D:3      | Killed Grinder
  1920 | D:3      | Reached skill level 6 in Stealth
  1920 | D:3      | Reached skill level 5 in Evocations
  1920 | D:3      | Reached XP level 5. HP: 9/33 MP: 9/9
  1920 | D:3      | Reached XP level 6. HP: 11/38 MP: 10/10
  2796 | D:4      | Found a hazy altar of Hepliaklqana.
  3067 | D:4      | Reached skill level 7 in Stealth
  3067 | D:4      | Reached XP level 7. HP: 14/43 MP: 11/11
  3364 | D:4      | Noticed Menkaure
  3373 | D:4      | Killed Menkaure
  3416 | D:4      | Reached skill level 8 in Stealth
  3476 | D:4      | Noticed Blork the orc
  3486 | D:4      | Killed Blork the orc
  3547 | D:4      | Noticed Pikel
  3569 | D:4      | Gained mutation: You possess an exceptional clarity of
                  | mind. [potion of mutation]
  3569 | D:4      | Gained mutation: You passively map a small area around you.
                  | [potion of mutation]
  3569 | D:4      | Gained mutation: You are frail. (-10% HP) [potion of
                  | mutation]
  3569 | D:4      | Gained mutation: You are somewhat resistant to further
                  | mutation. [potion of mutation]
  3620 | D:4      | Slain by Pikel

Levels and vault maps discovered:
D:1:      onia_arrival_pentagram, layout_basic
D:2:      layout_basic, evilmike_ruin_ashenzari, lemuel_doored_altar
D:3:      minmay_skewed_foursquare, layout_rooms, lemuel_crystal_altar,
          uniq_grinder
D:4:      layout_basic, overflow_temple_1_default, first_ration, serial_shops,
          nicolae_shop_window_shopping, roderic_batcave, uniq_blork_the_orc,
          uniq_pikel, uniq_menkaure

Skill      XL: |  1  2  3  4  5  6  7 |
---------------+----------------------+-----
Stealth        | 2 3 4 6 7 8 |  8.5
Evocations     | 4 5 6 7 |  7.3
Fighting       | |  1.0
Short Blades   | |  1.0
Dodging        | |  2.0

Action                   |  1- 3 |  4- 6 |  7- 9 || total
-------------------------+-------+-------+-------++-------
Melee: Short sword       |    41 |    80 |    46 ||   167
       Constrict         |    15 |    16 |     7 ||    38
       Tentacles         |     8 |    12 |    14 ||    34
       Unarmed           |       |       |    30 ||    30
Evoke: Wand              |     3 |    12 |     3 ||    18
  Use: Potion            |       |       |     5 ||     5
 Stab: Sleeping          |     3 |     6 |     3 ||    12
       Distracted        |     1 |     1 |       ||     2
  Eat: Chunk             |       |     6 |     1 ||     7
Armor: Skin              |     5 |    11 |    27 ||    43
Dodge: Dodged            |    18 |    62 |    33 ||   113

Table legend:
 A = Non-vault XP
 B = Vault XP
 C = Vault XP percentage of total XP
 D = Non-vault monster count
 E = Vault monster count
 F = Vault count percentage of total count
                 A         B        C        D         E       F
            +---------+---------+-------+---------+---------+-------
      Total |     508 |     583 |  53.4 |      52 |      10 |  16.1
            +---------+---------+-------+---------+---------+-------
        D:1 |      13 |       0 |   0.0 |       7 |       0 |   0.0
        D:2 |      60 |       0 |   0.0 |      11 |       0 |   0.0
        D:3 |     101 |     311 |  75.5 |      18 |       8 |  30.8
        D:4 |     334 |     272 |  44.9 |      16 |       2 |  11.1
            +---------+---------+-------+---------+---------+-------
